 Dungeon Crawl Stone Soup version 0.32-a0-131-g9dbbe29261 (webtiles) character file.

Game seed: 3355479114695639014

2546 cforsyth the Fighter (level 9, -6/72 HPs)
             Began as a Djinni Hexslinger on Feb 8, 2024.
             Mangled by a spriggan
             ... wielding the +7 quarterstaff of Conflict {freeze, rN+ Will+}
              (18 damage)
             ... in a bailey on Feb 9, 2024.
             The game lasted 00:15:10 (7152 turns).

cforsyth the Fighter (Djinni Hexslinger)            Turns: 7152, Time: 00:15:10

Health: -6/72      AC:  2    Str:  7    XL:     9   Next: 85%
Gold:   351        EV: 12    Int: 20    God:
                   SH:  5    Dex: 15

rFire   + + .        (no weapon)
rCold   x . .        (no shield)
rNeg    . . .        c - +0 robe
rPois   ∞            (no helmet)
rElec   .            (no cloak)
rCorr   .            (no gloves)
SInv    .            (boots unavailable)
Will    .....        p - amulet of reflection
Stlth   +            (no ring)
HPRegen 0.32/turn    (no ring)
MPRegen 0.00/turn

%: reflection, infuse magic (-7 HP)
@: flying
A: sickness immunity, fire resistance 2, cold vulnerability 1, float, innate
caster, HP casting, extra vitality 1
a: no special abilities


You were in a bailey.
You visited 1 branch of the dungeon, and saw 7 of its levels.
You also visited: Sewer and Bailey.

You collected 351 gold pieces.


Innate Abilities, Weirdness & Mutations

You are immune to sickness and miasma.
You are immune to poison.
Your flesh is very heat resistant. (rF++)
You are vulnerable to cold. (rC-)
You float through the air rather than walking.
You learn spells naturally, not from books.
Your magical power is your life essence.
You have superior vitality. (+4 MHP)


   Skills:
 + Level 9.2 Fighting
 - Level 1.5 Ranged Weapons
 - Level 2.1 Dodging
 + Level 7.3 Spellcasting
 + Level 7.3 Conjurations
 + Level 7.3 Hexes
 + Level 7.3 Summonings
 + Level 7.3 Necromancy
 + Level 7.3 Translocations
 + Level 7.3 Fire Magic
 + Level 7.3 Ice Magic
 + Level 7.3 Air Magic
 + Level 7.3 Earth Magic
 + Level 7.3 Alchemy


You knew the following spells:

 Your Spells              Type           Power      Damage    Failure   Level
c - Cause Fear            Hex            18%        N/A       4%          4
f - Inner Flame           Hex/Fire       36%        N/A       1%          3
o - Ozocubu's Armour      Ice            36%        N/A       1%          3
s - Searing Ray           Conj           72%        2d7       1%          2
w - Stone Arrow           Conj/Erth      72%        3d11      1%          3
x - Foxfire               Conj/Fire      100%       2x1d9     1%          1
X - Jinxbite              Hex            72%        N/A       1%          2
Y - Sigil of Binding      Hex            36%        N/A       1%          3
Z - Dimensional Bullseye  Hex/Tloc       18%        N/A       4%          4
Your spell library was empty.

Inventory:

Hand Weapons
 a - the +1 sling of the Crawling Thing {flame, rN+ rCorr}
   (You took it off a gnoll on level 5 of the Dungeon)

   rN+:       It protects you from negative energy.
   rCorr:     It protects you from acid and corrosion.
Missiles
 r - a throwing net {=f=f}
Armour
 c - a +0 robe (worn)
 q - a +0 buckler
Jewellery
 p - an amulet of reflection (around neck)
Wands
 v - a wand of digging (6)
 w - a wand of polymorph (13)
 y - a wand of iceblast (6)
Scrolls
 b - 4 scrolls of poison
 g - 5 scrolls of teleportation {@r2@r2}
 j - 3 scrolls of vulnerability
 m - a scroll of identify {@r1@r1}
 s - a scroll of enchant weapon
 t - a scroll of revelation
Potions
 d - 2 potions of attraction
 e - 2 potions of enlightenment {unknown}
 f - 2 potions of invisibility {unknown}
 h - 2 potions of might
 i - a potion of heal wounds {@q2@q2}
 k - a potion of haste {unknown}
 l - 2 potions of resistance
 n - 3 potions of curing {@q1@q1}
 o - a potion of lignification {unknown}
 x - a potion of brilliance {unknown}
 z - a potion of berserk rage {unknown}

Dungeon Overview and Level Annotations

Branches:
Dungeon (7/15)             Temple (0/1) D:4           Sewer (visited)
 Bailey (1/1)

Altars:
Ashenzari
Yredelemnul
Zin

Annotations:
D:4 2 runed translucent doors, Crazy Yiuf; zenocrate's ghost, amateur KoDe

▒ ### ▒▒. ▒#▒▒▒▒▒ ##.##
▒▒..▒♣..@i.▒#..▒ ##...#
▒▒..▒▒.....°.#♣..▒▒ #.....
▒...#..♣♣#♣♣D.#▒..▒##.....
▒...▒.♣♣ ♣♣..▒..~~~..∩..
▒..~▒.♣ ♣..▒..~~~.....
▒..~~.♣ ~..♣..~~~.....
▒..~▒.♣ i#..▒..~~~.....
▒...▒.♣ D♣♣..♣..~~~..∩..
▒...▒.. ♣# ..▒♣..▒##.....


You could see a steam dragon (fleeing) and a spriggan (inner flame).


Message History

* * * LOW HITPOINT WARNING * * *
The spriggan freezes you.
* * * LOW HITPOINT WARNING * * *
Unknown command.
The foxfire hits the spriggan.
Flame seeps out of the spriggan.
The spriggan is lightly wounded.
The foxfire hits the spriggan.
Flame seeps out of the spriggan.
The spriggan is moderately wounded.
The spriggan is engulfed in blazing flames.
Flame seeps out of the spriggan.
Unknown command.
Unknown command.
Unknown command.
As you read the scroll of fear, it crumbles to dust.
You assume a fearsome visage.
The spriggan resists with almost no effort.
The steam dragon looks frightened!
The spriggan hits you with the +7 quarterstaff of Conflict {freeze, rN+ Will+}.
* * * LOW HITPOINT WARNING * * *
The spriggan freezes you.
* * * LOW HITPOINT WARNING * * *
The steam dragon is engulfed in blazing flames.
Unknown command.
Unknown command.
Okay, then.
You feel much better.
The spriggan hits you with the +7 quarterstaff of Conflict {freeze, rN+ Will+}!!
* * * LOW HITPOINT WARNING * * *
The spriggan freezes you!!
You die...

Skill      XL: |  1  2  3  4  5  6  7  8  9 |
---------------+----------------------------+-----
Spellcasting   | 3 4 5 6 7 |  7.3
Conjurations   | 3 4 5 6 7 |  7.3
Hexes          | 3 4 5 6 7 |  7.3
Summonings     | 3 4 5 6 7 |  7.3
Necromancy     | 3 4 5 6 7 |  7.3
Translocations | 3 4 5 6 7 |  7.3
Fire Magic     | 3 4 5 6 7 |  7.3
Ice Magic      | 3 4 5 6 7 |  7.3
Air Magic      | 3 4 5 6 7 |  7.3
Earth Magic    | 3 4 5 6 7 |  7.3
Alchemy        | 3 4 5 6 7 |  7.3
Fighting       | 2 3 4 5 7 9 |  9.2
Ranged Weapons | |  1.5
Dodging        | |  2.1

Action                     |  1- 3 |  4- 6 |  7- 9 || total
---------------------------+-------+-------+-------++-------
  Melee: Dagger            |       |     3 |       ||     3
   Fire: Sling             |    52 |       |     1 ||    53
   Cast: Foxfire           |    76 |    73 |   283 ||   432
         Inner Flame       |       |       |    35 ||    35
         Stone Arrow       |       |       |     3 ||     3
    Use: Scroll            |     9 |       |     4 ||    13
         Potion            |       |       |     1 ||     1
 Armour: Robe              |    19 |     5 |    31 ||    55
  Dodge: Dodged            |    17 |     6 |    12 ||    35
  Block: Other             |     2 |     4 |     4 ||    10

Levels and vault maps discovered:
D:1:      lightli_arrival_isolated_outpost, layout_basic,
          chequers_ecumenical_altar_lobes, supply_closet_lemuel,
          roderic_serpentine_path, reono_crystal_passage
D:2:      layout_loops_ring, basic_altar
D:3:      layout_basic, mainiacjoe_sewer_entry_somewhere_in_here_2
D:4:      layout_cave_pools, mainiacjoe_overflow_24_doors, temple_pool_b,
          gammafunk_ghost_grave, uniq_crazy_yiuf_cottage
D:5:      cheibrodos_thug_alley, layout_cave_pods, uniq_ijyb
D:6:      layout_loops_cross, lemuel_doored_altar, fountainhead,
          kennysheep_generic_room_15
D:7:      layout_loops_corners, enter_bailey_3
Bailey:   bailey_polearm_enchanted_keep_hellmonk, bailey

Notes
Turn   | Place    | Note
-------+----------+-------------------------------------------
     0 | D:1      | cforsyth the Djinni Hexslinger began the quest for the Orb.
     0 | D:1      | cforsyth set off with the following spells memorised:
                  | Jinxbite, Sigil of Binding, Inner Flame, Cause Fear,
                  | Dimensional Bullseye.
     0 | D:1      | Reached XP level 1. HP: 17/17 MP: 0/0
   269 | D:1      | Reached XP level 2. HP: 21/22 MP: 0/0
   456 | D:1      | Reached skill level 3 in Spellcasting
   456 | D:1      | Reached skill level 3 in Conjurations
   456 | D:1      | Reached skill level 3 in Hexes
   456 | D:1      | Reached skill level 3 in Summonings
   456 | D:1      | Reached skill level 3 in Necromancy
   456 | D:1      | Reached skill level 3 in Translocations
   456 | D:1      | Reached skill level 3 in Fire Magic
   456 | D:1      | Reached skill level 3 in Ice Magic
   456 | D:1      | Reached skill level 3 in Air Magic
   456 | D:1      | Reached skill level 3 in Earth Magic
   456 | D:1      | Reached skill level 3 in Alchemy
   656 | D:1      | Reached skill level 2 in Fighting
   656 | D:1      | Reached XP level 3. HP: 28/28 MP: 0/0
   656 | D:1      | Learned a level 1 spell: Foxfire
   674 | D:1      | Found a faded altar of an unknown god.
  1850 | D:2      | Found a glowing silver altar of Zin.
  1938 | D:3      | Identified 2 potions of resistance
  1966 | D:3      | Found a glowing drain.
  1973 | Sewer    | Entered a sewer
  1973 | Sewer    | Noticed Pargi
  1974 | Sewer    | Noticed a kobold brigand
  1989 | Sewer    | Killed a kobold brigand
  1990 | Sewer    | Reached skill level 3 in Fighting
  1990 | Sewer    | Reached XP level 4. HP: 23/35 MP: 0/0
  1990 | Sewer    | Reached XP level 5. HP: 27/40 MP: 0/0
  1990 | Sewer    | Learned a level 2 spell: Searing Ray
  1992 | Sewer    | Killed Pargi
  1993 | Sewer    | Reached skill level 4 in Fighting
  1993 | Sewer    | Reached skill level 4 in Spellcasting
  1993 | Sewer    | Reached skill level 4 in Conjurations
  1993 | Sewer    | Reached skill level 4 in Hexes
  1993 | Sewer    | Reached skill level 4 in Summonings
  1993 | Sewer    | Reached skill level 4 in Necromancy
  1993 | Sewer    | Reached skill level 4 in Translocations
  1993 | Sewer    | Reached skill level 4 in Fire Magic
  1993 | Sewer    | Reached skill level 4 in Ice Magic
  1993 | Sewer    | Reached skill level 4 in Air Magic
  1993 | Sewer    | Reached skill level 4 in Earth Magic
  1993 | Sewer    | Reached skill level 4 in Alchemy
  1993 | Sewer    | Reached XP level 6. HP: 29/47 MP: 0/0
  3342 | D:4      | Found a runed translucent door.
  3343 | D:4      | Noticed zenocrate's ghost (amateur KoDe)
  3381 | D:4      | Found a broken altar of Ashenzari.
  3404 | D:4      | Reached XP level 7. HP: 51/53 MP: 0/0
  3404 | D:4      | Learned a level 3 spell: Stone Arrow
  3594 | D:4      | Reached skill level 5 in Fighting
  3694 | D:4      | Found a runed translucent door.
  3696 | D:4      | Noticed Crazy Yiuf
  3846 | D:4      | Noticed a water moccasin
  3849 | D:4      | Found a staircase to the Ecumenical Temple.
  3856 | D:4      | Killed a water moccasin
  3960 | D:4      | Reached skill level 5 in Spellcasting
  3960 | D:4      | Reached skill level 5 in Conjurations
  3960 | D:4      | Reached skill level 5 in Hexes
  3960 | D:4      | Reached skill level 5 in Summonings
  3960 | D:4      | Reached skill level 5 in Necromancy
  3960 | D:4      | Reached skill level 5 in Translocations
  3960 | D:4      | Reached skill level 5 in Fire Magic
  3960 | D:4      | Reached skill level 5 in Ice Magic
  3960 | D:4      | Reached skill level 5 in Air Magic
  3960 | D:4      | Reached skill level 5 in Earth Magic
  3960 | D:4      | Reached skill level 5 in Alchemy
  4124 | D:5      | Entered Level 5 of the Dungeon
  4169 | D:5      | Reached XP level 8. HP: 46/61 MP: 0/0
  4258 | D:5      | Reached skill level 6 in Fighting
  4509 | D:5      | Noticed Ijyb
  4514 | D:5      | Killed Ijyb
  4544 | D:5      | Identified the +1 sling of the Crawling Thing {flame, rN+
                  | rCorr}
  4837 | D:5      | Reached skill level 7 in Fighting
  4837 | D:5      | Reached skill level 6 in Spellcasting
  4837 | D:5      | Reached skill level 6 in Conjurations
  4837 | D:5      | Reached skill level 6 in Hexes
  4837 | D:5      | Reached skill level 6 in Summonings
  4837 | D:5      | Reached skill level 6 in Necromancy
  4837 | D:5      | Reached skill level 6 in Translocations
  4837 | D:5      | Reached skill level 6 in Fire Magic
  4837 | D:5      | Reached skill level 6 in Ice Magic
  4837 | D:5      | Reached skill level 6 in Air Magic
  4837 | D:5      | Reached skill level 6 in Earth Magic
  4837 | D:5      | Reached skill level 6 in Alchemy
  4980 | D:5      | Reached XP level 9. HP: 43/69 MP: 0/0
  4980 | D:5      | Learned a level 3 spell: Ozocubu's Armour
  5230 | D:5      | Reached skill level 8 in Fighting
  6069 | D:6      | Reached skill level 7 in Spellcasting
  6069 | D:6      | Reached skill level 7 in Conjurations
  6069 | D:6      | Reached skill level 7 in Hexes
  6069 | D:6      | Reached skill level 7 in Summonings
  6069 | D:6      | Reached skill level 7 in Necromancy
  6069 | D:6      | Reached skill level 7 in Translocations
  6069 | D:6      | Reached skill level 7 in Fire Magic
  6069 | D:6      | Reached skill level 7 in Ice Magic
  6069 | D:6      | Reached skill level 7 in Air Magic
  6069 | D:6      | Reached skill level 7 in Earth Magic
  6069 | D:6      | Reached skill level 7 in Alchemy
  6105 | D:6      | Found a basalt altar of Yredelemnul.
  6490 | D:6      | Reached skill level 9 in Fighting
  7052 | D:7      | Found a flagged portal.
  7067 | Bailey   | Entered a bailey
  7142 | Bailey   | Identified the +7 quarterstaff of Conflict {freeze, rN+
                  | Will+}
  7152 | Bailey   | Mangled by a spriggan

Vanquished Creatures
  2 water moccasins
  Pargi (Sewer)
  2 ice beasts
  3 ogres
  A black bear (D:5)
  2 centaurs
  A phantom (D:4)
  3 kobold brigands
  A bullfrog (D:6)
  A gnoll sergeant (D:6)
  A scorpion (D:4)
  5 wights (D:5)
  An electric eel (D:6)
  3 jellies
  4 hounds
  2 gnoll boudas
  An orc priest (D:5)
  A sleepcap (D:6)
  3 iguanas
  Ijyb (D:5)
  An orc wizard (D:5)
  13 gnolls
  9 adders
  2 ufetubi (D:4)
  A ribbon worm (D:2)
  13 orcs
  6 ball pythons
  8 endoplasms
  3 giant cockroaches
  10 goblins
  6 hobgoblins
  2 jackals (D:4)
  5 quokkas
  3 bats (D:1)
  7 frilled lizards
  18 kobolds
  6 rats
152 creatures vanquished.

Vanquished Creatures (collateral kills)
  4 foxfires (D:1)
4 creatures vanquished.

Vanquished Creatures (others)
  744 foxfires
744 creatures vanquished.

Grand Total: 900 creatures vanquished

Table legend: (Time is in decaauts)
 A = Elapsed time spent in this place.
 B = Non-inter-level travel time spent in this place.
 C = Inter-level travel time spent in this place.
 D = Time resting spent in this place.
 E = Time spent auto-exploring this place.
 F = Levels seen in this place.
 G = Mean time per level.
                   A        B        C        D        E       F      G
               +--------+--------+--------+--------+--------+-----+--------+
         Total |   7166 |   6986 |    180 |    505 |   5341 |   9 |  796.2 |
       Dungeon |   6826 |   6646 |    180 |    505 |   5086 |   7 |  975.1 |
         Sewer |    254 |    254 |      0 |      0 |    189 |   1 |  254.0 |
        Bailey |     84 |     84 |      0 |      0 |     66 |   1 |   84.0 |
               +--------+--------+--------+--------+--------+-----+--------+

Top non-repeatable levels by time:
     D:5: 1742 daAuts
     D:1: 1350 daAuts
     D:6: 1116 daAuts
     D:3: 1068 daAuts
     D:4: 878 daAuts
     D:2: 586 daAuts
   Sewer: 254 daAuts
  Bailey: 84 daAuts
     D:7: 83 daAuts

Table legend:
 A = Non-vault XP
 B = Vault XP
 C = Vault XP percentage of total XP
 D = Non-vault monster count
 E = Vault monster count
 F = Vault count percentage of total count
                 A         B        C        D         E       F
            +---------+---------+-------+---------+---------+-------
      Total |    2791 |     847 |  23.3 |     122 |      30 |  19.7
            +---------+---------+-------+---------+---------+-------
        D:1 |      40 |       0 |   0.0 |      26 |       0 |   0.0
        D:2 |      14 |       0 |   0.0 |       8 |       0 |   0.0
        D:3 |      32 |       7 |  17.9 |      11 |       6 |  35.3
        D:4 |     526 |       0 |   0.0 |      24 |       0 |   0.0
        D:5 |    1286 |     253 |  16.4 |      26 |      11 |  29.7
        D:6 |     890 |     167 |  15.8 |      26 |       2 |   7.1
        D:7 |       3 |       7 |  70.0 |       1 |       4 |  80.0
      Sewer |       0 |     295 | 100.0 |       0 |       6 | 100.0
     Bailey |       0 |     118 | 100.0 |       0 |       1 | 100.0
            +---------+---------+-------+---------+---------+-------
